 Dungeon Sprint DCSS version 0.29.1-2-gbd0b4ee654 (webtiles) character file.

Game seed: 741217520503170469

1253 Zeld the Cleaver (level 8, 0/120 HPs)
             Began as a Minotaur Berserker on Oct 23, 2022.
             Was a Priest of Trog.
             Slain by Sonja
             ... wielding a +2 dagger of distortion
              (5 damage)
             ... in the Dungeon (Sprint I: "Red Sonja").
             The game lasted 00:01:11 (717 turns).

Zeld the Cleaver (Minotaur Berserker)                Turns: 717, Time: 00:01:12

Health: 0/120      AC:  2    Str: 25    XL:     8   Next: 26%
Magic:  7/7        EV: 14    Int:  4    God:    Trog [***...]
Gold:   113        SH:  0    Dex:  9    Spells: 7/7 levels left

rFire   . . .      SeeInvis .   a - +0 hand axe
rCold   . . .      Faith    .   (no shield)
rNeg    . . .      Spirit   .   b - +0 animal skin
rPois   .          Reflect  .   (helmet restricted)
rElec   .          Harm     .   (no cloak)
rCorr   .          Rampage  .   (no gloves)
Will    ++...      NoTele   +   (no boots)
Stlth   ..........              (no amulet)
HPRegen 1.30/turn               (no ring)
MPRegen 0.10/turn               (no ring)

@: berserking, strong-willed, regenerating, slowed
A: horns 2, retaliatory headbutt
a: Renounce Religion, Berserk, Trog's Hand


You were in the Dungeon.
You worshipped Trog.
Trog was most pleased with you.
You visited 1 branch You collected 411 gold pieces.
You spent 298 gold pieces at shops.

Inventory:

Hand Weapons
 a - a +0 hand axe (weapon)
Armour
 b - a +0 animal skin (worn)
Scrolls
 h - a scroll of blinking
 i - a scroll of immolation {unknown}
 j - a scroll of fear
 k - a scroll of enchant armour
 l - 2 scrolls of identify
Potions
 e - a potion of haste
 f - 2 potions of magic
 g - a potion of berserk rage


   Skills:
 + Level 10.5 Fighting
 * Level 14.1 Axes
 + Level 10.1 Armour
 + Level 9.3 Dodging


You had 7 spell levels left.
You didn't know any spells.
Your spell library was empty.

Dungeon Overview and Level Annotations

Branches:
Dungeon (1/1)

Altars:
Cheibriados
Dithmenos
Elyvilon
Fedhas
Gozag
Hepliaklqana
Kikubaaqudgha
Makhleb
Nemelex Xobeh
Okawaru
Qazlal
Ru
Sif Muna
Trog
Uskayaw
Vehumet
Wu Jian
Xom
Yredelemnul
Zin
The Shining One
Jiyva
Lugonu

Shops:
D ?

Annotations:
D Sonja


Innate Abilities, Weirdness & Mutations

You have a pair of horns on your head.
You reflexively headbutt those who attack you in melee.


Message History

* * * LOW HITPOINT WARNING * * *
Sonja hits you with a +2 dagger of distortion.
* * * LOW HITPOINT WARNING * * *
Space warps horribly around you.
* * * LOW HITPOINT WARNING * * *
Sonja misses you.
Your black bear misses Sonja.
Your black bear barely misses Sonja.
Your black bear closely misses Sonja.
Sonja mumbles some strange words.
Sonja blinks!
You feel much better.
Sonja hits your black bear with a +2 dagger of distortion. x2
Your black bear is devoured by a tear in reality.
Unknown command.
You feel much better.
Sonja hits you with a +2 dagger of distortion!
Sonja hits you with a +2 dagger of distortion.
Space warps around you. Sonja closely misses you.
A red film seems to cover your vision as you go berserk!
You feel yourself moving faster!
You feel mighty!
Sonja hits you with a +2 dagger of distortion!
Sonja completely misses you. Sonja hits you but does no damage.
Sonja closely misses you.
Sonja hits you with a +2 dagger of distortion.
Space warps horribly around you!
Sonja hits you with a +2 dagger of distortion.
* * * LOW HITPOINT WARNING * * *
Unknown command.
Unknown command.
You completely miss Sonja. Your headbutt misses Sonja.
Sonja is moderately wounded.
Sonja hits you with a +2 dagger of distortion.
* * * LOW HITPOINT WARNING * * *
Space warps horribly around you!!
* * * LOW HITPOINT WARNING * * *
Sonja hits you with a +2 dagger of distortion.
* * * LOW HITPOINT WARNING * * *
Space warps around you.
* * * LOW HITPOINT WARNING * * *
Sonja hits you with a +2 dagger of distortion.
You die...

##########################***
#<.#..').#..'..#__#..')..#,,*
#..').#..').#..'..'..#)..#*+*
#..#####'#####'#__####...+,,*
#..####..#...#.####,,#####,,+
#..#__####..##.#~~~,,*,,**+**
#..#_____##§#_.+~~~,,+,,*,,,,
#⌠⌠#_.∩...†§K._#~~~,,*,,*,,,,
####_..__##_@#'#*+*****+***,,
*,,#_____###'#[#,,,,***,+,*,,
***#######*#.###*+***,***,*,,
*∩,,,,,,,,+$.$+,,,,,+,∩**,*,,
***++++****$.$***********,**+
*,,,,,,,**##.##*,,,,,,,**,**,
*,,,,,,,,*,#+#,*,,,,,,,,+,***
*,,*,,,,,*,,,,,*+++******,*,,
*,,,,,,,,*,,,,,*,,,,,,,,*,***


You could see Sonja.

Vanquished Creatures
  2 kobold demonologists (D)
  A slime creature (D)
  Sigmund (D)
  A yak (D)
  A floating eye (D)
  An ogre (D)
  A jelly (D)
  Ijyb (D)
9 creatures vanquished.

Notes
Turn   | Place    | Note
-------+----------+-------------------------------------------
     0 | D        | Zeld the Minotaur Berserker began the quest for the Orb.
     0 | D        | Reached XP level 1. HP: 19/19 MP: 0/0
     2 | D        | Noticed Ijyb
     9 | D        | Killed Ijyb
    10 | D        | Reached skill level 5 in Axes
    10 | D        | Reached XP level 2. HP: 28/28 MP: 1/1
   139 | D        | Noticed an ogre
   144 | D        | Killed an ogre
   145 | D        | Reached skill level 7 in Axes
   145 | D        | Reached skill level 5 in Armour
   145 | D        | Reached XP level 3. HP: 37/37 MP: 2/2
   145 | D        | Reached XP level 4. HP: 44/44 MP: 3/3
   254 | D        | Noticed Sigmund
   262 | D        | Killed Sigmund
   262 | D        | Reached ** piety under Trog
   263 | D        | Reached skill level 10 in Axes
   263 | D        | Reached XP level 5. HP: 52/52 MP: 4/4
   423 | D        | Found a burning altar of Makhleb.
   423 | D        | Found a viscous altar of Jiyva.
   423 | D        | Found a shimmering altar of Xom.
   423 | D        | Found a corrupted altar of Lugonu.
   423 | D        | Noticed a slime creature
   429 | D        | Killed a slime creature
   430 | D        | Reached skill level 11 in Axes
   430 | D        | Reached XP level 6. HP: 62/62 MP: 5/5
   503 | D        | Found an ornate altar of the Wu Jian Council.
   503 | D        | Found a shimmering blue altar of Sif Muna.
   505 | D        | Found a radiant altar of Vehumet.
   533 | D        | Found Omuext's Magic Scroll Emporium.
   533 | D        | Found an ancient bone altar of Kikubaaqudgha.
   533 | D        | Found a hazy altar of Hepliaklqana.
   533 | D        | Found a hide-covered altar of Uskayaw.
   533 | D        | Found a basalt altar of Yredelemnul.
   533 | D        | Found an opulent altar of Gozag.
   533 | D        | Found a snail-covered altar of Cheibriados.
   533 | D        | Found a sacrificial altar of Ru.
   533 | D        | Found a shadowy altar of Dithmenos.
   533 | D        | Noticed a yak
   536 | D        | Found a stormy altar of Qazlal.
   536 | D        | Found a blossoming altar of Fedhas.
   536 | D        | Found a bloodstained altar of Trog.
   536 | D        | Found an iron altar of Okawaru.
   536 | D        | Found a glowing golden altar of the Shining One.
   536 | D        | Found a glowing silver altar of Zin.
   536 | D        | Found a white marble altar of Elyvilon.
   538 | D        | Killed a yak
   539 | D        | Reached skill level 12 in Axes
   539 | D        | Reached XP level 7. HP: 70/70 MP: 6/6
   575 | D        | Found a sparkling altar of Nemelex Xobeh.
   579 | D        | Bought a scroll of fear for 52 gold pieces
   579 | D        | Bought a scroll of enchant armour for 97 gold pieces
   579 | D        | Bought a scroll of identify for 26 gold pieces
   579 | D        | Bought a scroll of identify for 26 gold pieces
   579 | D        | Bought a scroll of magic mapping for 97 gold pieces
   599 | D        | Noticed a kobold demonologist
   599 | D        | Noticed a kobold demonologist
   606 | D        | Noticed a chaos spawn
   607 | D        | Paralysed by a floating eye for 3 turns
   611 | D        | Killed a kobold demonologist
   611 | D        | Reached *** piety under Trog
   612 | D        | Reached skill level 13 in Axes
   612 | D        | Killed a kobold demonologist
   613 | D        | Reached skill level 10 in Fighting
   613 | D        | Reached skill level 10 in Armour
   613 | D        | Reached XP level 8. HP: 80/80 MP: 7/7
   614 | D        | Reached **** piety under Trog
   615 | D        | Reached skill level 14 in Axes
   709 | D        | Noticed Sonja
   717 | D        | HP: 5/120 [Sonja/+2 dagger of distortion (2)]
   717 | D        | Slain by Sonja

Illustrated notes

Levels and vault maps discovered:
D:        dungeon_sprint_1 [red_sonja_temple_1, red_sonja_temple_small_1]

Skill      XL: |  1  2  3  4  5  6  7  8 |
---------------+-------------------------+-----
Fighting       | 4 6 7 8 9 10 | 10.5
Axes           | 5 7 10 11 12 13 14 | 14.1
Armour         | 3 5 7 8 10 | 10.1
Dodging        | 3 4 6 7 8 9 |  9.3

Action                   |  1- 3 |  4- 6 |  7- 9 || total
-------------------------+-------+-------+-------++-------
Melee: Hand axe          |     8 |    15 |    11 ||    34
       Headbutt          |       |     5 |     1 ||     6
Invok: Berserk           |     2 |     2 |     2 ||     6
       Trog's Hand       |       |       |     1 ||     1
       Brothers in Arms  |       |       |     1 ||     1
  Use: Scroll            |       |       |     1 ||     1
       Potion            |       |       |     3 ||     3
Armor: Animal skin       |       |       |     3 ||     3
Dodge: Dodged            |     4 |     4 |    11 ||    19
